 Dungeon Crawl Stone Soup version 0.23.2-11-gf996548c65 (webtiles) character file.

Game seed: 6471638107707815894

359 MalarOregon the Skirmisher (level 6, -15/53 HPs)
             Began as a Ghoul Monk on June 4, 2019.
             Demolished by Menkaure (18 damage)
             ... on level 4 of the Dungeon.
             The game lasted 00:07:04 (3960 turns).

MalarOregon the Skirmisher (Ghoul Monk)             Turns: 3960, Time: 00:07:05

Health: -15/53     AC:  3    Str: 13 (15) XL:     6   Next: 65%
Magic:  5/5        EV: 18    Int:  6 (7)  God:
Gold:   177        SH:  4    Dex: 15 (16) Spells: 5/5 levels left

rFire    . . .     SeeInvis .     - Unarmed
rCold    + . .     Gourm    .   k - +0 buckler
rNeg     + + +     Faith    .   a - +0 robe
rPois    ∞         Spirit   .   (no helmet)
rElec    .         Reflect  .   (no cloak)
rCorr    .         Harm     .   (no gloves)
MR       .....                  j - +0 pair of boots
Stlth    ++++......             (no amulet)
HPRegen  0.00/turn              b - ring of flight
MPRegen  0.09/turn              (no ring)

@: agile, rotting
A: rotting body, claws 1, carnivore, cold resistance 1, negative energy
resistance 3, inhibited regeneration, torment resistance, unbreathing
a: Evoke Flight


You were on level 4 of the Dungeon.
You were not hungry.

You visited 1 branch of the dungeon, and saw 5 of its levels.

You collected 177 gold pieces.

Inventory:

Armour
 a - a +0 robe (worn)
 j - a +0 pair of boots (worn)
   (You found it on level 3 of the Dungeon)
 k - a +0 buckler (worn)
   (You found it on level 3 of the Dungeon)
Jewellery
 b - a ring of flight (left claw)
   (You found it on level 2 of the Dungeon)
 n - a +1 ring of evasion {unknown}
   (You found it on level 3 of the Dungeon)
Scrolls
 d - 4 scrolls of teleportation {@r4}
 f - 2 scrolls of amnesia
 l - a scroll of remove curse {@r2}
Potions
 c - a potion of lignification
 h - a potion of resistance
Comestibles
 e - 6 rations {!d}


   Skills:
 + Level 4.7 Fighting
 + Level 3.9 Dodging
 + Level 4.2 Stealth
 + Level 1.4 Shields
 + Level 4.7 Unarmed Combat


You had 5 spell levels left.
You didn't know any spells.
Your spell library was empty.

Dungeon Overview and Level Annotations

Branches:
Dungeon (5/15)
 Temple: D:4-7

Altars:
Nemelex Xobeh
Qazlal
Ru
Trog
Zin

Annotations:
D:4 1 runed translucent door, exclusions: gnoll, gnoll shaman and ogre, Crazy Yiuf, Menkaure


Innate Abilities, Weirdness & Mutations

Your body is rotting away.
You thrive on raw meat.
You are immune to poison.
You have sharp fingernails.
You are carnivorous and can eat meat at any time.
Your flesh is cold resistant. (rC+)
You are immune to negative energy. (rN+++)
You do not regenerate when monsters are visible.
You are immune to unholy pain and torment.
You can survive without breathing.


Message History

You are too injured to fight recklessly!
Eat one of 3 chunks of flesh? (ye/n/q)
You eat one of the 3 chunks of flesh.
This raw flesh tastes great!
Menkaure gestures ominously.
You block Menkaure's attack.
Eat one of 2 chunks of flesh? (ye/n/q)
You eat one of the 2 chunks of flesh.
This raw flesh tastes great!
Menkaure hits you!
* * * LOW HITPOINT WARNING * * *
Eat a chunk of flesh? (ye/n/q)
You eat the chunk of flesh.
This raw flesh tastes great!
Menkaure hits you.
It was a potion of lignification.
You feel woody for a moment. Menkaure barely misses you.
The orc wizard mumbles some strange words.
The orc wizard blinks!
Menkaure barely misses you.
It was a potion of agility.
You feel agile all of a sudden. The orc wizard casts a spell at you.
The magic dart hits you.
* * * LOW HITPOINT WARNING * * *
Menkaure misses you.
It was a potion of degeneration.
There was something very wrong with that liquid.
You feel weakened.
You feel dopey.
You feel clumsy. Menkaure misses you.
It was a potion of berserk rage.
You cannot raise a blood rage in your lifeless body.
Menkaure barely misses you. The orc wizard barely misses you.
You scratch the orc wizard. Menkaure barely misses you.
The orc wizard completely misses you.
You completely miss the orc wizard. Menkaure hits you!
* * * LOW HITPOINT WARNING * * *
The orc wizard hits you with a +0 dagger.
* * * LOW HITPOINT WARNING * * *
As you read the scroll labeled ERGHIU HUONG, it crumbles to dust.
You feel as if something is helping you.
It was a scroll of remove curse.
Menkaure hits you.
* * * LOW HITPOINT WARNING * * *
The orc wizard casts a spell.
The orc wizard seems to speed up.
Menkaure misses you.
Okay, then.
Okay, then.
You barely miss the orc wizard.
The orc wizard hits you but does no damage.
You block Menkaure's attack.
You scratch the orc wizard but do no damage.
An orc wizard appears from thin air!
Reactivating autopickup.
You block the orc wizard's attack. Menkaure hits you!!
You die...

# #. #.
####.#
#..... #+#
#.#.#o###.#
#....oM##.#
#.#.#.#@#.##
#.....##o.>#
###.##
##...# ##
#...##
#...##
..#...
#######


You could see Menkaure, 2 orc wizards and an orc.

Vanquished Creatures
  A scorpion (D:3)
  A hound (D:4)
  An orc priest (D:4)
  2 orc wizards
  8 adders
  4 worms
  2 dart slugs
  6 leopard geckos
  13 orcs
  7 bats
  5 giant cockroaches
  7 goblins
  10 hobgoblins
  3 jackals (D:2)
  11 kobolds
  2 quokkas
  2 ball pythons
  A frilled lizard (D:3)
  A giant cockroach zombie (D:2)
  5 rats
92 creatures vanquished.

Notes
Turn   | Place    | Note
-------+----------+-------------------------------------------
     0 | D:1      | MalarOregon the Ghoul Monk began the quest for the Orb.
     0 | D:1      | Reached XP level 1. HP: 19/19 MP: 0/0
   417 | D:1      | Reached XP level 2. HP: 24/26 MP: 1/1
   925 | D:1      | Reached XP level 3. HP: 31/31 MP: 2/2
  1253 | D:2      | Found a glowing silver altar of Zin.
  1390 | D:2      | Reached XP level 4. HP: 40/40 MP: 3/3
  1736 | D:2      | Found a sparkling altar of Nemelex Xobeh.
  1969 | D:3      | Found a stormy altar of Qazlal.
  2022 | D:3      | Found a sacrificial altar of Ru.
  2077 | D:3      | Reached XP level 5. HP: 14/46 MP: 4/4
  3382 | D:4      | Reached skill level 1 in Shields
  3382 | D:4      | Reached XP level 6. HP: 53/53 MP: 5/5
  3455 | D:3      | Found a bloodstained altar of Trog.
  3850 | D:4      | Found a runed translucent door.
  3851 | D:4      | Noticed Crazy Yiuf
  3908 | D:4      | You fall through a shaft!
  3908 | D:5      | Entered Level 5 of the Dungeon
  3927 | D:4      | Noticed Menkaure
  3960 | D:4      | Demolished by Menkaure

Skill      XL: |  1  2  3  4  5  6 |
---------------+-------------------+-----
Dodging        | 3 |  3.9
Stealth        | 3 4 |  4.2
Unarmed Combat | 4 |  4.7
Fighting       | 4 |  4.7
Shields        | 1 |  1.4

Action                   |  1- 3 |  4- 6 || total
-------------------------+-------+-------++-------
Melee: Unarmed           |   156 |   230 ||   386
       Punch             |     1 |       ||     1
 Abil: Evoke Flight      |       |     1 ||     1
  Use: Scroll            |     2 |     6 ||     8
       Potion            |     1 |     4 ||     5
 Stab: Sleeping          |     5 |     9 ||    14
  Eat: Chunk             |    26 |    24 ||    50
Armor: Robe              |    24 |    40 ||    64
Dodge: Dodged            |   122 |   148 ||   270
Block: Buckler           |       |    15 ||    15
